 Dungeon Crawl Stone Soup version 0.28.0 (webtiles) character file.

Game seed: 16707521035995067120

2944 GrayStillPlays the Skirmisher (level 9, 0/71 HPs)
             Began as a Demonspawn Fighter on Feb 13, 2022.
             Was an Initiate of Gozag.
             Slain by a hornet (4 damage)
             ... on level 7 of the Dungeon.
             The game lasted 00:12:09 (10636 turns).

GrayStillPlays the Skirmisher (Demonspawn Fighter) Turns: 10636, Time: 00:12:10

Health: 0/71       AC: 15    Str: 21    XL:     9   Next: 51%
Magic:  0/13       EV: 12    Int:  9    God:    Gozag
Gold:   277        SH: 10    Dex: 19    Spells: 14/14 levels left

rFire   + . .      SeeInvis .   g - +3 hand axe {axe}
rCold   . . .      Faith    .   c - +0 buckler
rNeg    . . .      Spirit   +   b - +0 scale mail
rPois   .          Reflect  .   (no helmet)
rElec   .          Harm     .   (no cloak)
rCorr   .          Rampage  .   (no gloves)
Will    .....                   i - +1 pair of boots
Stlth   ..........              (no amulet)
HPRegen 0.21/turn               j - ring of protection from fire
MPRegen 0.26/turn               x - +6 ring of dexterity

@: sanguine armoured, slowed, studying Staves, very slow
A: claws 1, magic shield, magic regeneration, sanguine armour 1, condensation
shield
a: Renounce Religion, Potion Petition, Call Merchant, Bribe Branch


You were on level 7 of the Dungeon.
You worshipped Gozag.
Gozag was aware of your devotion.
You visited 2 branches of the dungeon, and saw 8 of its levels.

You collected 398 gold pieces.
You paid 121 gold pieces to Gozag.


Innate Abilities, Weirdness & Mutations

You have sharp fingernails.
When hurt, damage is shared between your health and your magic reserves.
You regenerate magic rapidly.
When seriously injured, your blood forms armour. (AC +6)
A meltable shield of frost defends you. (SH +4)


   Skills:
 + Level 6.4 Fighting
 + Level 4.9(5.1) Axes
 - Level 1.9(3.6) Polearms
 + Level 5.8 Armour
 + Level 5.0 Dodging
 + Level 5.8 Shields
 + Level 3.1 Spellcasting


You had 14 spell levels left.
You didn't know any spells.
Your spell library contained the following spells:

 Spells                   Type           Power      Damage    Failure   Level
 Animate Armour           Summ/Erth      2%         N/A       100%        4
 Blade Hands              Tmut           0%         N/A       100%        5
 Fireball                 Conj/Fire      0%         3d3       100%        5
 Iron Shot                Conj/Erth      0%         9d1       100%        6
 Starburst                Conj/Fire      0%         6d3       100%        6
 Ignition                 Fire           0%         3d3       100%        8

Inventory:

Hand Weapons
 a - a +0 trident {polearm}
 d - a +4 scythe {polearm}
   (You took it off Sigmund on level 3 of the Dungeon)
 g - a +3 hand axe (weapon) {axe}
   (You found it on level 1 of the Dungeon)
 p - a +2 dagger of venom {short}
   (You took it off an orc wizard on level 7 of the Dungeon)
 u - a +3 hand axe {axe}
   (You found it on level 4 of the Dungeon)
 B - a +2 whip of electrocution {mace}
   (You found it on level 6 of the Dungeon)
 E - a +0 antimagic short sword {short}
   (You took it off Duvessa on level 6 of the Dungeon)
 G - a +3 mace of freezing {mace}
   (You took it off a wight on level 6 of the Dungeon)
 I - a +4 vorpal mace {mace}
   (You took it off an orc on level 7 of the Dungeon)
 K - a +3 hand axe {axe}
   (You took it off an orc on level 7 of the Dungeon)
Missiles
 e - 55 sling bullets
 f - 141 stones {throwing}
 k - 64 arrows
 l - 3 boomerangs {throwing}
 m - 36 bolts
 o - 11 poisoned darts {throwing}
 D - 4 curare-tipped darts (quivered) {=fthrowing}
Armour
 b - a +0 scale mail (worn)
 c - a +0 buckler (worn)
 i - a +1 pair of boots (worn)
   (You found it on level 2 of the Dungeon)
 M - a +0 cloak
   (You found it on level 7 of the Dungeon)
Jewellery
 j - a ring of protection from fire (left claw)
   (You found it on level 2 of the Dungeon)
 x - a +6 ring of dexterity (right claw)
   (You found it on level 5 of the Dungeon)
Wands
 n - a wand of digging (3)
   (You took it off Jessica on level 3 of the Dungeon)
 q - a wand of flame (16)
   (You found it on level 3 of the Dungeon)
 A - a wand of charming (7)
   (You found it on level 6 of the Dungeon)
 L - a wand of paralysis (10)
   (You found it on level 7 of the Dungeon)
Scrolls
 h - a scroll of identify {@r1}
 t - a scroll of fear {unknown}
 y - a scroll of blinking {unknown}
 H - a scroll of amnesia {unknown}
Potions
 r - 4 potions of might
 v - 2 potions of curing {@q1}
 w - a potion of flight
 z - 2 potions of berserk rage {!q}
 F - a potion of haste {unknown}
 J - a potion of brilliance {unknown}

Dungeon Overview and Level Annotations

Branches:
Dungeon (7/15)             Temple (1/1) D:4

Altars:
Ashenzari
Cheibriados
Dithmenos
Elyvilon
Fedhas
Gozag
Hepliaklqana
Kikubaaqudgha
Makhleb
Nemelex Xobeh
Okawaru
Ru
Sif Muna
Trog
Uskayaw
Vehumet
Wu Jian
Xom
Yredelemnul
Zin
The Shining One

Shops:
D:7

((!* ###### ########
#....####......#
#....#..#...(..#
#....#..#......#
#....'..#y.....#
########....####@.....#
........................
........[...............
........................
........................
................########
###
...........######.....+
#.. ##.........# .......
#.. #....<....# ......#
#... #..


You could see a hornet.


Message History

A hornet comes into view.
The hornet buzzes angrily. 😎 HP[+12]
Your hp is fully restored (71).
A hornet is nearby!
A hornet is nearby!
A hornet is nearby!
A hornet is nearby!
You hit the hornet. The hornet barely misses you. The hornet stings you.
You feel yourself slow down. 😕 HP[-2] MP[-1]
You take 2 damage, and now have 69/71 hp.
You lost 1 mp, and now have 12/13 mp.
You hit the hornet.
The hornet stings you but does no damage.
The hornet misses you. You block the hornet's attack. 😕 HP[+1]
You closely miss the hornet.
You feel yourself speed up. The hornet stings you.
You feel yourself slow down. You block the hornet's attack. 😕 HP[-4]
You take 4 damage, and now have 66/71 hp.
You slash the hornet!
The hornet stings you but does no damage.
The hornet stings you!
You feel as though you will be slow longer. 😕 HP[-9] MP[-1]
You take 9 damage, and now have 57/71 hp.
You lost 1 mp, and now have 11/13 mp.
You closely miss the hornet. The hornet closely misses you.
The hornet stings you.
You feel as though you will be slow longer.
The hornet stings you.
You feel as though you will be slow longer. 😮 HP[-5] MP[-1]
You take 5 damage, and now have 52/71 hp.
You lost 1 mp, and now have 10/13 mp.
You barely miss the hornet. The hornet misses you.
You block the hornet's attack. 😮 MP[+1]
You slash the hornet!
The hornet stings you but does no damage.
You block the hornet's attack. The hornet stings you!
Your blood congeals into armour.
You are poisoned.
You feel as though you will be slow longer.
You barely miss the hornet.
You feel very sick.
You block the hornet's attack. x2 😮 HP[-13] MP[-2]
You take 13 damage, and now have 39/71 hp.
You lost 2 mp, and now have 9/13 mp.
You miss the hornet.
You feel very sick. The hornet stings you.
* * * LOW HITPOINT WARNING * * *
You feel as though you will be slow longer.
The hornet stings you but does no damage.
The hornet stings you.
* * * LOW HITPOINT WARNING * * *
You feel as though you will be slow longer. 😨 HP[-11] MP[-3]
You take 11 damage, and now have 28/71 hp.
You lost 3 mp, and now have 6/13 mp.
You hit the hornet.
You feel sick. The hornet stings you.
* * * LOW HITPOINT WARNING * * *
You feel as though you will be slow longer.
You block the hornet's attack. 😨 HP[-4] MP[-1]
You take 4 damage, and now have 24/71 hp.
You lost 1 mp, and now have 5/13 mp.
You miss the hornet.
You feel sick.
The hornet stings you but does no damage.
You block the hornet's attack. 😨 HP[-1] MP[+1]
You take 1 damage, and now have 23/71 hp.
You hit the hornet but do no damage.
You feel sick.
You are no longer poisoned.
The hornet stings you but does no damage.
The hornet stings you.
* * * LOW HITPOINT WARNING * * *
You feel as though you will be slow longer.
The hornet stings you!
* * * LOW HITPOINT WARNING * * *
You feel as though you will be slow longer. 😱 HP[-14] MP[-3]
You take 14 damage, and now have 9/71 hp.
You lost 3 mp, and now have 3/13 mp.
You hit the hornet but do no damage. You block the hornet's attack.
The hornet stings you!
* * * LOW HITPOINT WARNING * * *
You feel as though you will be slow longer. 😱 HP[-6] MP[-2]
You take 6 damage, and now have 3/71 hp.
You lost 2 mp, and now have 1/13 mp.
You hit the hornet. The hornet barely misses you. The hornet stings you.
You die...
Your body crumbles into a pile of gold.

Skill      XL: |  1  2  3  4  5  6  7  8  9 |
---------------+----------------------------+-----
Axes           | 1 2 3 4 |  4.9
Armour         | 3 4 5 |  5.8
Dodging        | 1 2 3 4 5 |  5.0
Shields        | 3 4 5 |  5.8
Fighting       | 4 5 6 |  6.4
Spellcasting   | 2 3 |  3.1
Polearms       | |  1.9

Action                   |  1- 3 |  4- 6 |  7- 9 || total
-------------------------+-------+-------+-------++-------
Melee: Trident           |    36 |       |       ||    36
       Hand axe          |    30 |   130 |   485 ||   645
Throw: Dart              |       |       |     3 ||     3
  Use: Potion            |     1 |       |     3 ||     4
       Scroll            |       |       |     6 ||     6
 Stab: Invisible         |       |       |    11 ||    11
Armor: Scale mail        |    17 |    71 |   158 ||   246
Dodge: Dodged            |    24 |    46 |   206 ||   276
Block: Buckler           |    17 |    47 |   249 ||   313

Levels and vault maps discovered:
D:1:      dpeg_arrival_windows_large_door, layout_basic,
          hellmonk_ecumenical_altar_zigzags
D:2:      layout_basic, minivault_27
D:3:      layout_basic, kennysheep_another_room, kennysheep_donut, uniq_sigmund,
          uniq_jessica
D:4:      wad_crossroads, layout_loops_ring, nicolae_overflow_hidden_temple,
          minmay_temple_entry_purple_smoke, serial_bayou_pond_a
D:5:      layout_cave_pools, hangedman_glass_teeth
D:6:      layout_rooms, nicolae_overflow_squiral, uniq_duvessa
D:7:      layout_gridville, grunt_gozag_statues, serial_shops,
          nicolae_shop_behind_doors, nicolae_inconvenience_store,
          nicolae_shop_waterfront, nicolae_shop_crystal, nicolae_square_shop
Temple:   compressed_dpeg_circular_temple

Notes
Turn   | Place    | Note
-------+----------+-------------------------------------------
     0 | D:1      | GrayStillPlays the Demonspawn Fighter began the quest for
                  | the Orb.
     0 | D:1      | Reached XP level 1. HP: 18/18 MP: 1/1
     0 | D:1      | magus.rc [v1.9.6]
     7 | D:1      | Found a faded altar of an unknown god.
   371 | D:1      | Gained mutation: A meltable shield of frost defends you.
                  | (SH +4) [demonic ancestry]
   371 | D:1      | Reached XP level 2. HP: 24/24 MP: 2/2
  1823 | D:3      | Noticed Sigmund
  1830 | D:3      | Killed Sigmund
  1831 | D:3      | Reached skill level 1 in Axes
  1831 | D:3      | Reached skill level 3 in Armour
  1831 | D:3      | Reached skill level 1 in Dodging
  1831 | D:3      | Reached skill level 3 in Shields
  1831 | D:3      | Gained mutation: When seriously injured, your blood forms
                  | armour. (AC +6) [demonic ancestry]
  1831 | D:3      | Reached XP level 3. HP: 30/30 MP: 3/3
  1831 | D:3      | Gained mutation: You regenerate magic rapidly. [demonic
                  | ancestry]
  1831 | D:3      | Reached XP level 4. HP: 37/37 MP: 4/4
  1831 | D:3      | Reached XP level 5. HP: 42/42 MP: 5/5
  1910 | D:3      | Noticed Jessica
  1916 | D:3      | Killed Jessica
  1956 | D:3      | Reached skill level 4 in Fighting
  1956 | D:3      | Reached skill level 2 in Axes
  1956 | D:3      | Reached skill level 2 in Dodging
  2114 | D:3      | Reached XP level 6. HP: 43/48 MP: 6/6
  2317 | D:3      | HP: 10/48 [orc (3)]
  2324 | D:3      | HP: 7/48 [orc (1)]
  2329 | D:3      | HP: 5/48 [something (3)]
  2330 | D:3      | HP: 2/48 [something (3)]
  3000 | D:4      | Found a staircase to the Ecumenical Temple.
  3033 | D:4      | Found an ornate altar of the Wu Jian Council.
  3048 | Temple   | Entered the Ecumenical Temple
  3253 | D:4      | Reached skill level 4 in Armour
  3253 | D:4      | Reached skill level 4 in Shields
  3556 | D:4      | Gained mutation: You have sharp fingernails. [demonic
                  | ancestry]
  3556 | D:4      | Reached XP level 7. HP: 55/55 MP: 7/7
  3975 | D:4      | Found a sparkling altar of Nemelex Xobeh.
  4233 | D:5      | Entered Level 5 of the Dungeon
  4401 | D:5      | Reached skill level 3 in Dodging
  4714 | D:5      | Reached skill level 3 in Axes
  4723 | D:5      | HP: 6/55 [iguana (9)]
  5184 | D:5      | Reached skill level 5 in Fighting
  5249 | D:5      | HP: 14/56 [ice beast (14)]
  5252 | D:5      | Gained mutation: When hurt, damage is shared between your
                  | health and your magic reserves. [demonic ancestry]
  5252 | D:5      | Reached XP level 8. HP: 16/62 MP: 8/8
  5550 | D:5      | You pick up a book of Iron and begin reading...
  5550 | D:5      | You add the spells Animate Armour, Blade Hands and Iron
                  | Shot to your library.
  6102 | D:6      | Reached skill level 1 in Spellcasting
  6310 | D:6      | Noticed Duvessa
  6321 | D:6      | Noticed Dowan
  6330 | D:6      | Killed Duvessa
  6346 | D:6      | HP: 15/63 [sky beast (4)]
  6349 | D:6      | Killed Dowan
  6350 | D:6      | Reached skill level 4 in Dodging
  6350 | D:6      | Reached skill level 5 in Shields
  6373 | D:6      | Reached skill level 5 in Armour
  6438 | D:6      | Reached skill level 4 in Axes
  7016 | D:6      | Reached skill level 2 in Spellcasting
  7565 | D:6      | Noticed a hornet
  7582 | D:6      | Killed a hornet
  7583 | D:6      | Reached skill level 6 in Fighting
  7583 | D:6      | Reached XP level 9. HP: 21/69 MP: 7/12
  7584 | D:6      | HP: 15/69 [poisoned by a hornet]
  7589 | D:6      | HP: 10/69 [poisoned by a hornet]
  7934 | D:6      | HP: 16/69 [electric eel/bolt of electricity (3)]
  7936 | D:6      | Found a blossoming altar of Fedhas.
  7944 | D:6      | HP: 5/69 [orc priest/nerve-wracking pain (5)]
  7949 | D:6      | HP: 4/69 [orc priest (2)]
  8279 | D:6      | Found a shimmering blue altar of Sif Muna.
  8324 | D:6      | HP: 17/69 [electric eel/bolt of electricity (9)]
  8325 | D:6      | HP: 6/69 [electric eel/bolt of electricity (11)]
  8326 | D:6      | HP: 2/69 [electric eel/bolt of electricity (4)]
  8699 | D:7      | Found Fynlav's General Store.
  8860 | D:7      | You pick up a book of Fire and begin reading...
  8860 | D:7      | You add the spells Fireball, Starburst and Ignition to your
                  | library.
  8878 | D:7      | Found Mahy's Antique Weapon Shop.
  8892 | D:7      | HP: 16/69 [orc warrior (14)]
  8893 | D:7      | HP: 5/69 [orc priest/divine providence (8)]
  8927 | D:6      | HP: 8/69 [orc warrior (4)]
  9524 | D:7      | Found Mozaseg's Weapon Shop.
  9906 | D:7      | Found Ziommy's Distillery.
 10185 | D:7      | Reached skill level 3 in Spellcasting
 10213 | D:7      | Found an opulent altar of Gozag.
 10242 | D:7      | HP: 16/71 [killer bee (2)]
 10247 | D:7      | HP: 8/71 [poisoned by a killer bee]
 10248 | D:7      | Reached skill level 5 in Dodging
 10255 | D:7      | Became a worshipper of Gozag Ym Sagoz the Greedy
 10634 | D:7      | HP: 16/71 [hornet (5)]
 10635 | D:7      | HP: 3/71 [hornet (6)]
 10636 | D:7      | Slain by a hornet

Vanquished Creatures
  A hornet (D:6)
  Sigmund (D:3)
  A water moccasin (D:6)
  Duvessa (D:6)
  An orc warrior (D:7)
  A sky beast (D:6)
  An ice beast (D:5)
  A necrophage (D:7)
  A black bear (D:6)
  An ogre (D:4)
  2 phantoms
  A bullfrog (D:7)
  3 scorpions
  A water moccasin zombie (D:5)
  A wyvern skeleton (D:6)
  Dowan (D:6)
  4 killer bees (D:7)
  3 wights (D:6)
  2 jellies
  4 bullfrog zombies
  A centaur zombie (D:6)
  4 orc priests
  5 hounds
  A centaur skeleton (D:6)
  Jessica (D:3)
  4 iguanas
  7 orc wizards
  A hound skeleton (D:4)
  10 adders
  A shadow imp (D:7)
  A worm (D:2)
  20 orcs
  6 endoplasms
  3 giant cockroaches
  3 hobgoblins
  5 kobolds
  7 quokkas
  3 ball pythons
  2 bats
  A frilled lizard (D:2)
  A goblin (D:3)
  4 rats
123 creatures vanquished.

Table legend:
 A = Non-vault XP
 B = Vault XP
 C = Vault XP percentage of total XP
 D = Non-vault monster count
 E = Vault monster count
 F = Vault count percentage of total count
                 A         B        C        D         E       F
            +---------+---------+-------+---------+---------+-------
      Total |    3605 |     602 |  14.3 |     115 |       8 |   6.5
            +---------+---------+-------+---------+---------+-------
        D:1 |      17 |       0 |   0.0 |      10 |       0 |   0.0
        D:2 |      14 |       0 |   0.0 |       8 |       0 |   0.0
        D:3 |     322 |     260 |  44.7 |      25 |       2 |   7.4
        D:4 |     120 |     131 |  52.2 |      12 |       4 |  25.0
        D:5 |     745 |       0 |   0.0 |      15 |       0 |   0.0
        D:6 |    1466 |     211 |  12.6 |      26 |       2 |   7.1
        D:7 |     921 |       0 |   0.0 |      19 |       0 |   0.0
            +---------+---------+-------+---------+---------+-------

Illustrated notes

Table legend:
 A = Kills in this place as a percentage of kills in entire the game.
 B = Kills by you in this place as a percentage of kills by you in the entire game.
 C = Kills by friends in this place as a percentage of kills by friends in the entire game.
 D = Other kills in this place as a percentage of other kills in the entire game.
 E = Experience gained in this place as a percentage of experience gained in the entire game.
 F = Experience gained in this place divided by the number of levels of this place that you have seen.
                   A       B       C       D       E      F
               +-------+-------+-------+-------+-------+----------------------
         Total | 100.0 | 100.0 |   N/A |   N/A | 100.0 | 525.9
       Dungeon | 100.0 | 100.0 |   N/A |   N/A | 100.0 | 601.0
               +-------+-------+-------+-------+-------+----------------------

Table legend: (Time is in decaauts)
 A = Elapsed time spent in this place.
 B = Non-inter-level travel time spent in this place.
 C = Inter-level travel time spent in this place.
 D = Time resting spent in this place.
 E = Time spent auto-exploring this place.
 F = Levels seen in this place.
 G = Mean time per level.
                   A        B        C        D        E       F      G
               +--------+--------+--------+--------+--------+-----+--------+
         Total |  10759 |  10532 |    227 |   1274 |   7624 |   8 | 1344.9 |
       Dungeon |  10621 |  10394 |    227 |   1274 |   7619 |   7 | 1517.3 |
        Temple |    137 |    137 |      0 |      0 |      5 |   1 |  137.0 |
               +--------+--------+--------+--------+--------+-----+--------+

Top non-repeatable levels by time:
     D:6: 2741 daAuts
     D:5: 2041 daAuts
     D:7: 1691 daAuts
     D:3: 1181 daAuts
     D:4: 1176 daAuts
     D:1: 916 daAuts
     D:2: 872 daAuts
  Temple: 137 daAuts
